 Dungeon Crawl Stone Soup version 0.29.1-12-g30fa7ad0bf (webtiles) character file.

Game seed: 17324511066661618030

6693 KittyFluff the Basher (level 11, -1/66 HPs)
             Began as a Gargoyle Fighter on Dec 28, 2022.
             Slain by an eight-headed hydra (3 damage)
             ... on level 8 of the Dungeon.
             The game lasted 00:39:29 (7842 turns).

KittyFluff the Basher (Gargoyle Fighter)            Turns: 7842, Time: 00:39:31

Health: -1/66      AC: 19    Str: 31    XL:     11   Next: 3%
Magic:  9/9        EV: 13    Int: 10    God:
Gold:   291        SH:  5    Dex: 13    Spells: 10/10 levels left

rFire   . . .      SeeInvis .   a - +1 flail (venom)
rCold   . . .      Faith    .   c - +0 buckler
rNeg    + . .      Spirit   .   H - +0 steam dragon scales
rPois   ∞          Reflect  .   L - +0 helmet
rElec   +          Harm     .   x - +0 cloak
rCorr   .          Rampage  .   (no gloves)
Will    .....                   I - +0 pair of boots
Stlth   ++........              r - amulet of regeneration
HPRegen 1.01/turn               d - +6 ring of strength
MPRegen 0.11/turn               o - +6 ring of strength

@: about to teleport
A: sickness immunity, AC +8, negative energy resistance 1, electricity
resistance, torment resistance 1, petrification resistance, low MP 1
a: no special abilities


You were on level 8 of the Dungeon.
You visited 2 branches of the dungeon, and saw 9 of its levels.

You collected 339 gold pieces.
You spent 48 gold pieces at shops.

Inventory:

Hand Weapons
 a - a +1 flail of venom (weapon)
 z - a +0 sling
 G - a +0 shortbow
 P - a +6 longbow
Missiles
 e - 22 stones (quivered)
 m - 11 javelins
 B - 4 boomerangs
 D - 6 atropa-tipped darts
 F - 5 poisoned darts
Armour
 b - a +0 scale mail
 c - a +0 buckler (worn)
 v - a +1 leather armour of cold resistance
 x - a +0 cloak (worn)
 H - +0 steam dragon scales (worn)
 I - a +0 pair of boots (worn)
 L - a +0 helmet (worn)
Jewellery
 d - a +6 ring of strength (left hand)
 j - a ring of protection from cold
 o - a +6 ring of strength (right hand)
 r - an amulet of regeneration (around neck)
 w - a ring of flight
 J - a +6 ring of dexterity
Wands
 y - a wand of flame (16)
 O - a wand of paralysis (10)
Scrolls
 f - a scroll of immolation
 g - a scroll of summoning {unknown}
 h - 3 scrolls of vulnerability
 i - a scroll of enchant weapon
 l - 2 scrolls of fog {unknown}
 n - a scroll of amnesia {unknown}
 p - 3 scrolls of blinking {unknown}
 q - 2 scrolls of poison
 s - 2 scrolls of teleportation
 C - a scroll of enchant armour {unknown}
 K - 2 scrolls of magic mapping {unknown}
Potions
 k - a potion of flight {unknown}
 t - 8 potions of curing
 u - 4 potions of heal wounds
 A - 3 potions of attraction
 E - a potion of ambrosia {unknown}
 M - a potion of mutation
 N - a potion of lignification


   Skills:
 + Level 6.7 Fighting
 + Level 10.0 Maces & Flails
 + Level 2.2 Ranged Weapons
 + Level 1.4 Throwing
 * Level 9.9 Armour
 + Level 4.5 Dodging
 + Level 3.0 Stealth
 + Level 6.4 Shields


You had 10 spell levels left.
You didn't know any spells.
Your spell library was empty.

Dungeon Overview and Level Annotations

Branches:
Dungeon (8/15)             Temple (1/1) D:7
   Lair: D:8-11

Altars:
Cheibriados
Dithmenos
Elyvilon
Fedhas
Gozag
Hepliaklqana
Kikubaaqudgha
Makhleb
Nemelex Xobeh
Okawaru
Ru
Sif Muna
Uskayaw
Vehumet
Xom
Zin
The Shining One

Shops:
D:2 (   D:6 *


Innate Abilities, Weirdness & Mutations

You are immune to sickness and miasma.
Your stone body is resilient. (AC +8)
You are immune to poison.
You resist negative energy. (rN+)
You are resistant to electric shocks. (rElec)
You are resistant to unholy torment.
You are immune to petrification.
Your magical capacity is low. (-10% MP)


Message History

You hear a roar!
The centaur warrior unwields a +0 shortbow.
You block the centaur warrior's attack. x2
You sock the centaur warrior!
The centaur warrior is lightly wounded.
An eight-headed hydra comes into view.
The centaur warrior hits you but does no damage.
The centaur warrior barely misses you.
You hit the centaur warrior but do no damage.
The centaur warrior is poisoned.
The centaur warrior is lightly wounded.
You block the centaur warrior's attack.
The centaur warrior completely misses you.
The centaur warrior hits you but does no damage.
The centaur warrior kicks you but does no damage.
The centaur warrior attacks as you move away!
The centaur warrior hits you. The centaur warrior kicks you.
The centaur warrior wields a +0 shortbow.
The centaur warrior shoots an arrow.
The arrow hits you!!
The centaur warrior shoots an arrow.
The arrow hits you.
* * * LOW HITPOINT WARNING * * *
The centaur warrior shoots an arrow.
The arrow hits you.
* * * LOW HITPOINT WARNING * * *
The centaur warrior shoots an arrow.
You block the arrow.
The centaur warrior shoots an arrow.
The arrow hits you but does no damage.
The centaur warrior shoots an arrow.
The arrow hits you!
* * * LOW HITPOINT WARNING * * *
The centaur warrior shoots an arrow.
The arrow hits you.
* * * LOW HITPOINT WARNING * * *
The centaur warrior shoots an arrow.
The arrow hits you but does no damage.
As you read the scroll of teleportation, it crumbles to dust.
You feel strangely unstable.
The eight-headed hydra attacks as you move away!
The eight-headed hydra bites you.
* * * LOW HITPOINT WARNING * * *
The eight-headed hydra bites you.
* * * LOW HITPOINT WARNING * * *
The eight-headed hydra bites you but does no damage. x2
The eight-headed hydra bites you.
You die...

.......#.###..##
.####.###...#..##
##.##.##...#..##
##.##...##...#†.#
##.## #..##...#.#
#.## ###.c##....#
.## ##.##..##.###
## #)..##..##.##
.## ##...##..##@##
..## ###..##..##D#
#..##...##..##.D.##
##..##..)##..##.##
.##..##=##..##.##
#.##..###..##.##
##.##..#†.##.##
##..##...##.##
##.#.##.##.####


You could see an eight-headed hydra.

Vanquished Creatures
  A deep elf pyromancer (D:8)
  An ugly thing (D:8)
  2 hornets
  A troll (D:6)
  A vampire (D:6)
  A steam dragon (D:7)
  2 redbacks (D:7)
  Menkaure (D:5)
  Edmund (D:5)
  2 water moccasins (D:7)
  Duvessa (D:7)
  4 black bears
  3 ice beasts
  3 ogres
  2 centaurs
  4 bullfrogs
  12 scorpions
  5 necrophages
  5 wights (D:7)
  Dowan (D:7)
  10 killer bees (D:7)
  2 electric eels (D:8)
  2 howler monkeys (D:8)
  A crimson imp (D:3)
  A bullfrog zombie (D:6)
  4 hounds
  5 jellies
  3 orc priests
  3 gnoll boudas
  An iguana (D:4)
  Natasha (twice) (D:4)
  2 orc wizards (D:7)
  A centaur simulacrum (D:8)
  Robin (D:2)
  A howler monkey zombie (D:6)
  16 gnolls
  10 adders
  A shadow imp (D:7)
  A white imp (D:5)
  An ufetubus (D:5)
  3 worms
  12 orcs
  14 ball pythons
  10 bats
  7 endoplasms
  5 giant cockroaches
  13 goblins
  14 hobgoblins
  8 jackals
  5 quokkas
  3 frilled lizards
  A goblin zombie (D:3)
  A hobgoblin zombie (D:3)
  8 kobolds
  2 kobold skeletons (D:3)
  An orc skeleton (D:3)
  2 orc zombies (D:3)
  4 rats
234 creatures vanquished.

Vanquished Creatures (others)
  2 plants (D:2)
2 creatures vanquished.

Grand Total: 236 creatures vanquished

Notes
Turn   | Place    | Note
-------+----------+-------------------------------------------
     0 | D:1      | KittyFluff the Gargoyle Fighter began the quest for the
                  | Orb.
     0 | D:1      | Reached XP level 1. HP: 14/14 MP: 1/1
   169 | D:1      | Reached XP level 2. HP: 19/19 MP: 2/2
   680 | D:1      | Reached XP level 3. HP: 23/23 MP: 3/3
  1245 | D:2      | Noticed Robin
  1334 | D:2      | Killed Robin
  1335 | D:2      | Reached XP level 4. HP: 15/28 MP: 4/4
  1498 | D:2      | Found a shadowy altar of Dithmenos.
  1643 | D:2      | Found Meehiap's Weapon Shoppe.
  1690 | D:2      | Reached skill level 3 in Maces & Flails
  1850 | D:2      | Bought 5 javelins for 48 gold pieces
  2268 | D:3      | Reached XP level 5. HP: 32/32 MP: 5/5
  2291 | D:3      | Found a shimmering altar of Xom.
  2297 | D:3      | Found a shimmering altar of Xom.
  2297 | D:3      | Found a shimmering altar of Xom.
  2297 | D:3      | Found a shimmering altar of Xom.
  2297 | D:3      | Found a shimmering altar of Xom.
  2405 | D:3      | You fall into a shaft and drop 1 floor!
  2685 | D:3      | Reached skill level 1 in Dodging
  2703 | D:3      | Found a glowing golden altar of the Shining One.
  2749 | D:3      | Reached skill level 5 in Armour
  3063 | D:4      | Reached XP level 6. HP: 38/38 MP: 6/6
  3072 | D:4      | Noticed Natasha
  3081 | D:4      | Killed Natasha
  3082 | D:4      | Reached skill level 4 in Maces & Flails
  3645 | D:4      | Reached XP level 7. HP: 43/43 MP: 7/7
  3667 | D:4      | Reached skill level 5 in Maces & Flails
  3750 | D:4      | Noticed Natasha
  3762 | D:4      | Killed Natasha
  3787 | D:5      | Entered Level 5 of the Dungeon
  3916 | D:5      | Reached XP level 8. HP: 48/48 MP: 8/8
  4005 | D:5      | Reached skill level 6 in Maces & Flails
  4029 | D:5      | Noticed Edmund
  4043 | D:5      | Killed Edmund
  4085 | D:5      | Noticed Menkaure
  4099 | D:5      | Killed Menkaure
  4368 | D:5      | Found a blossoming altar of Fedhas.
  4831 | D:6      | Reached skill level 5 in Fighting
  4831 | D:6      | Reached skill level 7 in Maces & Flails
  4901 | D:6      | Reached skill level 1 in Throwing
  4967 | D:6      | Found a white marble altar of Elyvilon.
  4972 | D:6      | Noticed a vampire
  5087 | D:6      | Killed a vampire
  5088 | D:6      | Reached skill level 1 in Ranged Weapons
  5088 | D:6      | Reached XP level 9. HP: 38/54 MP: 9/9
  5476 | D:6      | Noticed a troll
  5483 | D:6      | Killed a troll
  5484 | D:6      | Reached skill level 5 in Shields
  5595 | D:6      | Found Zin's Purification Station.
  5613 | D:6      | Found a glowing silver altar of Zin.
  5728 | D:6      | Reached skill level 8 in Maces & Flails
  5793 | D:7      | Noticed a hornet
  5802 | D:7      | Killed a hornet
  5842 | D:7      | Reached skill level 1 in Stealth
  5889 | D:7      | Found a staircase to the Ecumenical Temple.
  5941 | Temple   | Entered the Ecumenical Temple
  6045 | D:7      | Noticed Duvessa
  6045 | D:7      | Noticed Dowan
  6060 | D:7      | Killed Duvessa
  6061 | D:7      | Reached XP level 10. HP: 60/60 MP: 10/10
  6061 | D:7      | Killed Dowan
  6095 | D:7      | Found a sacrificial altar of Ru.
  6559 | D:7      | Found a runed translucent gate.
  6561 | D:7      | Found a runed translucent door.
  6574 | D:7      | Found the +9 staff of Olgreb {rPois∞}
  6597 | D:7      | Found a runed translucent gate.
  6597 | D:7      | Found a runed translucent gate.
  6598 | D:7      | Found a runed translucent door.
  6656 | D:7      | Reached skill level 9 in Maces & Flails
  6936 | D:8      | Found a sparkling altar of Nemelex Xobeh.
  6938 | D:8      | Found an ancient bone altar of Kikubaaqudgha.
  6939 | D:8      | Found a shimmering blue altar of Sif Muna.
  7067 | D:8      | Found Koqiut's Changing Room.
  7489 | D:8      | Gained mutation: Your magical capacity is low. (-10% MP)
                  | [mutagenic glow]
  7531 | D:8      | Noticed a deep elf pyromancer
  7544 | D:8      | Killed a deep elf pyromancer
  7665 | D:8      | Noticed a brown ugly thing
  7679 | D:8      | Killed a brown ugly thing
  7680 | D:8      | Reached skill level 10 in Maces & Flails
  7680 | D:8      | Reached XP level 11. HP: 50/66 MP: 9/9
  7826 | D:8      | Noticed a centaur warrior
  7831 | D:8      | Noticed an eight-headed hydra
  7838 | D:8      | HP: 3/66 [centaur warrior/arrow (3)]
  7842 | D:8      | Slain by an eight-headed hydra

Illustrated notes

Levels and vault maps discovered:
D:1:      dpeg_arrival_stone_temple_mockup, layout_basic, minivault_11
D:2:      layout_rooms, serial_shops, shop, basic_altar, serial_forest,
          infiniplex_forest_lined_3, infiniplex_forest_fountain,
          infiniplex_forest_join, infiniplex_forest_lined_3_way,
          infiniplex_forest_lined_3, uniq_robin
D:3:      layout_basic, nicolae_tso_besieged_by_evil, xom_redecorated,
          st_stairs_14
D:4:      minmay_opposing_rooms, layout_basic, minmay_misc_feat_rugged,
          uniq_natasha
D:5:      layout_loops_ring, lemuel_tele_altar, uniq_menkaure, uniq_edmund
D:6:      black_bear_nest_2, layout_loops_ring, lemuel_zombie_altar_yredelemnul,
          mainiacjoe_overflow_concentric_impassable, zin_purify
D:7:      layout_rooms, nicolae_ru_great_annihilating_truth,
          minmay_temple_entry_nine_rooms, minmay_guarded_unrand_staff_of_olgreb,
          uniq_duvessa
D:8:      layout_loops_ring, chequers_temple_overflow_statue_of_worship,
          serial_ice, serial_ice_g, serial_ice_b, serial_ice_f, serial_ice_a,
          nicolae_transmutations_shop, nicolae_water_bricks,
          minmay_diamond_spiral
Temple:   nicolae_temple_colour_theory

Skill      XL: |  1  2  3  4  5  6  7  8  9 10 |
---------------+-------------------------------+-----
Armour         | 4 5 6 7 8 9 |  9.9
Maces & Flails | 3 4 5 7 8 10 | 10.0
Dodging        | 1 2 3 4 |  4.5
Shields        | 4 5 6 |  6.4
Fighting       | 4 5 6 |  6.7
Throwing       | 1 |  1.4
Ranged Weapons | 1 2 |  2.2
Stealth        | 1 3 |  3.0

Action                   |  1- 3 |  4- 6 |  7- 9 | 10-12 || total
-------------------------+-------+-------+-------+-------++-------
Melee: Flail             |   143 |   239 |   248 |   260 ||   890
 Fire: Sling             |       |       |    13 |       ||    13
Throw: Stone             |     3 |     8 |    17 |    11 ||    39
  Use: Scroll            |     3 |     5 |     1 |     2 ||    11
       Potion            |     1 |       |     1 |       ||     2
 Stab: Distracted        |       |       |     1 |       ||     1
       Sleeping          |       |       |       |     2 ||     2
       Invisible         |       |       |       |     1 ||     1
       Paralysed         |       |       |       |     1 ||     1
Armor: Scale mail        |    98 |   139 |   109 |       ||   346
       Skin              |       |       |     4 |       ||     4
       Steam dragon scal |       |       |     2 |   115 ||   117
Dodge: Dodged            |    75 |   115 |   118 |   145 ||   453
Block: Buckler           |    35 |    56 |    78 |    55 ||   224
